 Dungeon Crawl Stone Soup version 0.25-a0-1130-g3926558f3a (webtiles) character file.

Game seed: 4084894666117984979, levelgen mode: deterministic

22 Lugonue the Chopper (level 2, 0/25 HPs)
             Began as a Hill Orc Warper on May 20, 2020.
             Slain by a bat (1 damage)
             ... on level 2 of the Dungeon.
             The game lasted 00:02:21 (869 turns).

Lugonue the Chopper (Hill Orc Warper)                Turns: 869, Time: 00:02:22

Health: 0/25       AC:  3    Str: 13    XL:     2   Next: 91%
Magic:  4/4        EV: 11    Int: 13    God:
Gold:   8          SH:  0    Dex: 10    Spells: 4/4 levels left

rFire    . . .     SeeInvis .   a - +0 hand axe
rCold    . . .     Gourm    .   (no shield)
rNeg     . . .     Faith    .   b - +0 leather armour
rPois    .         Spirit   .   (no helmet)
rElec    .         Reflect  .   (no cloak)
rCorr    .         Harm     .   (no gloves)
MR       .....                  (no boots)
Stlth    +.........             (no amulet)
HPRegen  0.08/turn              (no ring)
MPRegen  0.09/turn              (no ring)

@: very slightly contaminated
A: no striking features
a: no special abilities


You were on level 2 of the Dungeon.
You were not hungry.

You visited 1 branch of the dungeon, and saw 2 of its levels.

You collected 8 gold pieces.

Inventory:

Hand Weapons
 a - a +0 hand axe (weapon)
Missiles
 e - 5 boomerangs of dispersal (quivered)
 i - 2 poisoned darts
Armour
 b - a +0 leather armour (worn)
Scrolls
 c - a scroll of identify {unknown}
 g - a scroll of remove curse {unknown}
Comestibles
 f - 2 rations


   Skills:
 + Level 2.9 Fighting
 * Level 3.6 Axes
 + Level 1.1 Throwing
 + Level 1.2 Armour
 + Level 1.6 Dodging
 + Level 1.6 Spellcasting
   Level 2.4 Translocations


You had 4 spell levels left.
You didn't know any spells.
Your spell library contained the following spells:

 Spells                   Type           Power        Failure   Level  Hunger
 Blink                    Tloc           N/A          19%         2    ###....
 Shroud of Golubria       Chrm/Tloc      #.....       30%         2    ###....
 Gell's Gravitas          Tloc           #.........   36%         3    ####...
 Lesser Beckoning         Tloc           #.........   36%         3    ####...
 Teleport Other           Tloc           #.......     36%         3    ####...
 Passage of Golubria      Tloc           N/A          77%         4    #####..


Dungeon Overview and Level Annotations

Branches:
Dungeon (2/15)

Altars:


Message History

* * * LOW HITPOINT WARNING * * *
You climb downwards.
A rat comes into view.
There is a stone staircase leading up here.
You barely miss the bat. The bat hits you but does no damage. The bat hits you.
* * * LOW HITPOINT WARNING * * *
You aren't carrying any potions.
You hit the bat.
The bat is severely wounded.
The bat hits you but does no damage.
You barely miss the bat.
The bat is severely wounded.
The bat hits you but does no damage. x2; The bat closely misses you.
You barely miss the bat.
The bat is severely wounded.
The bat hits you but does no damage. The bat barely misses you. x2
You hit the bat but do no damage.
The bat is severely wounded.
The bat closely misses you. The bat hits you.
You die...

###
#@#
#b#
#r#
#.#
#.#
#.#
..#
#.#


You could see a bat and a rat.

Vanquished Creatures
  A dart slug (D:1)
  A goblin (D:1)
  A hobgoblin (D:1)
  9 jackals (D:1)
  A kobold (D:1)
  A bat (D:1)
  2 frilled lizards (D:1)
  A rat (D:1)
17 creatures vanquished.

Notes
Turn   | Place    | Note
-------+----------+-------------------------------------------
     0 | D:1      | Lugonue the Hill Orc Warper began the quest for the Orb.
     0 | D:1      | Reached XP level 1. HP: 18/18 MP: 3/3
    79 | D:1      | Reached skill level 1 in Throwing
    81 | D:1      | Reached skill level 3 in Axes
    82 | D:1      | Reached XP level 2. HP: 14/25 MP: 4/4
   865 | D:2      | HP: 1/25 [bat (1)]
   869 | D:2      | Slain by a bat

Illustrated notes

Levels and vault maps discovered:
D:1:      kennysheep_arrival_forest, layout_rooms, lexackson_kobold_supper
D:2:      layout_basic, nicolae_overflow_hidden_temple, marbit_many_paths,
          lemuel_crystal_altar, uniq_terence, uniq_sigmund

Skill      XL: |  1 |
---------------+----+-----
Throwing       | 1 |  1.1
Axes           | 3 |  3.6
Fighting       | |  2.9
Armour         | |  1.2
Dodging        | |  1.6
Spellcasting   | |  1.6
Translocations | |  2.4

Action                   || total
-------------------------++-------
Melee: Hand axe          ||    72
  Use: Scroll            ||     1
       Potion            ||     1
Armor: Leather armour    ||    40
       Skin              ||    17
Dodge: Dodged            ||    81

Table legend:
 A = Non-vault XP
 B = Vault XP
 C = Vault XP percentage of total XP
 D = Non-vault monster count
 E = Vault monster count
 F = Vault count percentage of total count
                 A         B        C        D         E       F
            +---------+---------+-------+---------+---------+-------
      Total |      32 |       0 |   0.0 |      17 |       0 |   0.0
            +---------+---------+-------+---------+---------+-------
        D:1 |      32 |       0 |   0.0 |      17 |       0 |   0.0
            +---------+---------+-------+---------+---------+-------
